AoeStats
← º CAIKE

Lombardia

510186211Analyzed
2v2 RM · 3d ago on Sep 29, 2026· 44m 43s· 4 players
Game mode
Random Map
Map size
Medium (4 player)
Population
200
Speed
Normal
Resources
Standard
Victory
Conquest
Starting age
Dark Age
Ending age
Imperial Age
RankedLock teamsTeams togetherTeam positionsShared explorationLock speedFull tech treeHidden civsTurbo modeCheats
Victory
Defeat
🇻🇪 Khmer · Venezuela
1107
+16
🇨🇦 Magyars · Canada
1090
+17
🇩🇪 Byzantines · Germany
1112
-16
🇩🇪 Bengalis · Germany
1111
-17
bumap
10:29 Feudal Age
11:15 Loom
12:09 Double-Bit Axe
15:56 Castle Age
13:46 Horse Collar
17:27 Wheelbarrow
16:49 Stone Mining
22:31 Scale Barding Armor
23:04 Gold Mining
23:33 Bloodlines
24:01 Corvinian Army
27:38 Chain Barding Armor
28:43 Husbandry
29:45 Fletching
35:03 Imperial Age
33:31 Bow Saw
33:19 Bodkin Arrow
36:35 Conscription
37:29 Hand Cart
39:18 Plate Barding Armor
39:46 Elite Magyar Huszar
44:08 Chemistry
43:34 Light Cavalry
44:54 Treadmill Crane
º CAIKE
6:36 Loom
10:50 Feudal Age
13:36 Forging
13:53 Scale Barding Armor
14:47 Bloodlines
20:34 Double-Bit Axe
24:26 Castle Age
26:26 Elite Skirmisher
39:59 Pikeman
42:42 Horse Collar
47:27 Imperial Age
45:46 Wheelbarrow
Libera
7:44 Loom
10:41 Feudal Age
15:26 Castle Age
13:52 Double-Bit Axe
18:38 Gold Mining
20:34 Gold Shaft Mining
23:17 Fletching
33:06 Horse Collar
33:46 Bow Saw
34:48 Heavy Plow
42:41 Stone Mining
43:59 Wheelbarrow
45:59 Imperial Age
44:39 Murder Holes
Huly
11:21 Feudal Age
12:18 Double-Bit Axe
13:06 Horse Collar
15:48 Loom
18:42 Castle Age
17:25 Stone Mining
19:19 Pikeman
20:11 Scale Mail Armor
22:25 Gold Mining
23:02 Arson
30:45 Forging
36:26 Chain Mail Armor
36:55 Gold Shaft Mining
36:41 Heavy Plow
Connection lost

Rejoining the realm…

Still unreachable

The connection could not be restored.

Session expired

The server has moved on; the page needs a fresh start.